 Dungeon Crawl Stone Soup version 0.27.0-1-g7a089689b8 (webtiles) character file.

Game seed: 17396025151384190687

262 SnakkuSnakku7 the Conjurer (level 5, 0/35 HPs)
             Began as a Vampire Conjurer on Aug 15, 2021.
             Slain by Blork the orc (4 damage)
             ... on level 4 of the Dungeon.
             The game lasted 00:04:58 (3277 turns).

SnakkuSnakku7 the Conjurer (Vampire Conjurer)       Turns: 3277, Time: 00:04:59

Health: 0/35       AC:  2    Str:  6    XL:     5   Next: 97%
Magic:  0/8        EV: 12    Int: 21    God:
Gold:   88         SH:  0    Dex: 13    Spells: 5/8 levels left

rFire    . . .     SeeInvis +   d - +0 short sword (protect)
rCold    . . .     Faith    .   (no shield)
rNeg     . . .     Spirit   .   a - +0 robe
rPois    .         Reflect  .   (no helmet)
rElec    .         Harm     .   (no cloak)
rCorr    +         Rampage  .   (no gloves)
Will     .....                  (no boots)
Stlth    ++........             (no amulet)
HPRegen  0.31/turn              g - ring of resist corrosion
MPRegen  0.11/turn              (no ring)

@: healing quickly
A: alive, fangs 3, see invisible, vampiric 2
a: Exsanguinate


You were on level 4 of the Dungeon.
You visited 1 branch of the dungeon, and saw 4 of its levels.

You collected 88 gold pieces.

Inventory:

Hand Weapons
 c - a +0 whip
 d - a +0 short sword of protection (weapon)
Armour
 a - a +0 robe (worn)
Jewellery
 g - a ring of resist corrosion (left hand)
 j - a ring of fire
 q - a +4 ring of protection
Wands
 o - a wand of digging (3)
Scrolls
 b - 2 scrolls of magic mapping {unknown}
 e - a scroll of noise {unknown}
 i - 3 scrolls of teleportation {unknown}
 l - a scroll of fear {unknown}
 m - a scroll of vulnerability {unknown}
 r - a scroll of identify {unknown}
 s - a scroll of enchant weapon {unknown}
Potions
 f - 2 potions of haste {unknown}
 h - a potion of attraction {unknown}
 k - a potion of curing {unknown}
 n - a potion of mutation {unknown}
 p - a potion of flight {unknown}


   Skills:
 - Level 2.1 Dodging
 - Level 3.0 Stealth
 - Level 2.0 Spellcasting
 + Level 5.5 Conjurations


You had 5 spell levels left.
You knew the following spells:

 Your Spells              Type           Power      Damage    Failure   Level
a - Magic Dart            Conj           100%       1d8       1%          1
b - Searing Ray           Conj           50%        3d5       2%          2

Your spell library contained the following spells:

 Spells                   Type           Power      Damage    Failure   Level
 Dazzling Flash           Conj/Hex       26%        N/A       14%         3
 Portal Projectile        Hex/Tloc       4%         N/A       41%         3
 Fulminant Prism          Conj/Hex       6%         3d7       43%         4
 Iskenderun's Mystic Bla  Conj/Tloc      13%        2d5       43%         4
 Blade Hands              Tmut           1%         N/A       99%         5
 Excruciating Wounds      Necr           1%         N/A       99%         5


Dungeon Overview and Level Annotations

Branches:
Dungeon (4/15)
 Temple: D:4-7

Altars:
Cheibriados
Fedhas
Uskayaw
Zin

Shops:
D:1 ?

Annotations:
D:2 Sigmund
D:4 Blork the orc


Innate Abilities, Weirdness & Mutations

Your natural rate of healing is accelerated.
You have razor-sharp teeth.
You have supernaturally acute eyesight. (SInv)
You are afflicted with vampirism and can become a bat while bloodless.


Message History

The magic dart hits you!
There is a stone staircase leading up, spattered with blood here.
Casting: Searing Ray (safe; 2% risk of failure)
Confirm with . or Enter, or press ? or * to list all spells.
Aiming: Searing Ray (safe; 2% risk of failure)
Press: ? - help, Shift-Dir - straight line, f - Blork the orc
Aim: Blork the orc, wielding a +3 vorpal mace and wearing a +2 robe of cold resistance (82% to hit)
The searing ray hits Blork the orc.
Blork the orc is lightly wounded. (Press . to maintain the ray.) Blork the orc barely misses you.
The searing ray hits Blork the orc!
Blork the orc is moderately wounded.
Blork the orc gestures at you while chanting.
The magic dart hits you.
Unknown command.
The searing ray hits Blork the orc!
Blork the orc is heavily wounded.
Blork the orc hits you with a +3 vorpal mace!
Unknown command.
The searing ray hits Blork the orc.
Blork the orc is severely wounded.
You finish channeling your searing ray.
Blork the orc gestures wildly while chanting.
Blork the orc seems to speed up.
Unknown command.
Casting: Searing Ray (safe; 2% risk of failure)
Confirm with . or Enter, or press ? or * to list all spells.
Aiming: Searing Ray (safe; 2% risk of failure)
Press: ? - help, Shift-Dir - straight line, f/p - Blork the orc
Aim: Blork the orc, wielding a +3 vorpal mace and wearing a +2 robe of cold resistance (severely wounded, fast, 82% to hit)
The searing ray misses Blork the orc. (Press . to maintain the ray.) Blork the orc hits you with a +3 vorpal mace!
* * * LOW HITPOINT WARNING * * *
x2 The searing ray hits Blork the orc.
Blork the orc is almost dead.
Blork the orc begins to cast a cantrip, but forgets the words!
Blork the orc hits you with a +3 vorpal mace.
You die...

#.###..# #.
#.....#
#......#
#..........
######## #
##.....#.###
.#........#.#
.#.##........
#..........#.##
# ##.[.....
#.#.#.....#
#....@# ###.#o#
# #.# #.. ##.
##


You could see Blork the orc (fast).

Vanquished Creatures
  A scorpion (D:4)
  8 gnolls
  A howler monkey skeleton (D:4)
  2 adders (D:2)
  A white imp (D:3)
  2 dart slugs
  5 bats
  7 endoplasms
  2 giant cockroaches
  7 goblins
  2 hobgoblins (D:1)
  19 jackals
  7 kobolds
  5 quokkas
  6 ball pythons
  3 frilled lizards
  6 rats
84 creatures vanquished.

Vanquished Creatures (others)
  A kobold (D:4)
  3 plants (D:1)
4 creatures vanquished.

Grand Total: 88 creatures vanquished

Notes
Turn   | Place    | Note
-------+----------+-------------------------------------------
     0 | D:1      | SnakkuSnakku7 the Vampire Conjurer began the quest for the
                  | Orb.
     0 | D:1      | Reached XP level 1. HP: 13/13 MP: 3/3
    37 | D:1      | Reached skill level 3 in Conjurations
   216 | D:1      | Reached XP level 2. HP: 19/19 MP: 1/5
   231 | D:1      | Learned a level 2 spell: Searing Ray
   393 | D:1      | Gained mutation: You are afflicted with vampirism and can
                  | become a bat while bloodless. [Vampire growth]
   393 | D:1      | Reached XP level 3. HP: 24/24 MP: 0/6
   673 | D:1      | Reached skill level 4 in Conjurations
   825 | D:1      | Found Gosa's Magic Scroll Shop.
  1236 | D:2      | Noticed Sigmund
  1268 | D:2      | Reached XP level 4. HP: 30/30 MP: 2/7
  1994 | D:3      | Reached XP level 5. HP: 35/35 MP: 2/8
  2414 | D:3      | Found a snail-covered altar of Cheibriados.
  2925 | D:4      | Found a hide-covered altar of Uskayaw.
  2926 | D:4      | Found a blossoming altar of Fedhas.
  2953 | D:4      | Reached skill level 5 in Conjurations
  3133 | D:4      | Noticed Blork the orc
  3137 | D:4      | Noticed a steam dragon
  3277 | D:4      | Slain by Blork the orc

Illustrated notes

Levels and vault maps discovered:
D:1:      dpeg_arrival_rhombi, layout_loops_corners, serial_shops,
          nicolae_shop_statue_plus, serial_forest,
          infiniplex_forest_clump_diagonal, infiniplex_forest_clump_tiny,
          infiniplex_forest_clump_cross, infiniplex_forest_clump_diagonal,
          infiniplex_forest_clump_tiny, infiniplex_forest_lined_1,
          infiniplex_forest_end_1
D:2:      minmay_general_purpose_star, layout_loops_cross, uniq_sigmund
D:3:      layout_basic, amcnicky_altar_gilded, zin_academy, st_stairs_1
D:4:      layout_loops_cross, makhleb_altar_promises_db,
          nicolae_overflow_hidden_temple, st_stairs_6,
          minmay_a_box_with_orc_wizards_in_it, uniq_blork_the_orc

Skill      XL: |  1  2  3  4  5 |
---------------+----------------+-----
Conjurations   | 3 4 5 |  5.5
Dodging        | |  2.1
Stealth        | |  3.0
Spellcasting   | |  2.0

Action                   |  1- 3 |  4- 6 || total
-------------------------+-------+-------++-------
Melee: Unarmed           |    40 |       ||    40
       Bite              |     9 |     1 ||    10
       Short sword       |   109 |    62 ||   171
       Whip              |     6 |       ||     6
 Cast: Magic Dart        |    36 |    19 ||    55
       Searing Ray       |     4 |    13 ||    17
 Stab: Sleeping          |     4 |     3 ||     7
Armor: Robe              |    57 |    26 ||    83
Dodge: Dodged            |   118 |    55 ||   173
